 Dungeon Crawl Stone Soup version 0.31-a0-986-g5e6e4ef867 (webtiles) character file.

Game seed: 2044296588359025934

191 ytrimaz the Sneak (level 5, -2/33 HPs)
             Began as an Octopode Shapeshifter on Nov 3, 2023.
             Slain by a kobold
             ... wielding a +2 whip of freezing
              (6 damage)
             ... on level 4 of the Dungeon.
             The game lasted 00:04:10 (2387 turns).

ytrimaz the Sneak (Octopode Shapeshifter)           Turns: 2387, Time: 00:04:11

Health: -2/33      AC:  1    Str: 14    XL:     5   Next: 70%
Magic:  5/5        EV: 13    Int: 12    God:
Gold:   73         SH:  0    Dex: 19    Spells: 4/4 levels left

rFire   . .          .
                       - Unarmed
rCold   . . .        (no shield)
rNeg    . . .        (helmet currently unavailable)
rPois   .            (no amulet)
rElec   .            g - +6 ring of dexterity
rCorr   .            q - ring of see invisible
SInv    +            (no ring)
Will    .....        (no ring)
Stlth   ++           (no ring)
HPRegen 0.25/turn    (no ring)
MPRegen 0.09/turn    (no ring)
                     (no ring)

%: no passive effects
@: confused, lethally poisoned (-2 -> -5), beast-form, ambrosia-drunk
A: beast (slay +2), almost no armour, amphibious, 8 rings, camouflage 1,
gelatinous body 1, (nimble swimmer 1), tentacles, noise suppression
a: Begin Untransformation


You were on level 4 of the Dungeon.
You were a hulking beast.
You visited 1 branch of the dungeon, and saw 4 of its levels.

You collected 73 gold pieces.


Innate Abilities, Weirdness & Mutations

You are a hulking beast.
Your limbs bulge with bestial killing power. (Slay +2)
You cannot wear most types of armour.
You are amphibious.
You can wear up to eight rings at the same time.
Your skin changes colour to match your surroundings (Stealth+).
Your rubbery body absorbs attacks. (AC +1, EV +1)
((You are camouflaged when in or above water. (Stealth+)))
You have tentacles for arms and can constrict up to eight enemies at once.
You passively dampen the noise of your surroundings.


   Skills:
 - Level 1.0 Fighting
 - Level 2.0 Dodging
 + Level 4.3 Stealth
 + Level 4.3 Unarmed Combat
 + Level 4.0 Shapeshifting


You had 4 spell levels left.
You didn't know any spells.
Your spell library contained the following spells:

 Spells                   Type           Power      Damage    Failure   Level
 Apportation              Tloc           0%         N/A       32%         1
 Magic Dart               Conj           0%         1d3       32%         1
 Necrotise                Necr           0%         1d4       32%         1
 Call Imp                 Summ           0%         N/A       45%         2
 Jinxbite                 Hex            0%         N/A       45%         2
 Mephitic Cloud           Conj/Pois/Air  0%         N/A       69%         3
 Vampiric Draining        Necr           0%         2d6       69%         3
 Agony                    Necr           0%         N/A       100%        5
 Alistair's Intoxication  Tmut/Pois      0%         N/A       100%        5

Inventory:

Jewellery
 g - a +6 ring of dexterity (left tentacle)
   (You found it on level 1 of the Dungeon)
 q - a ring of see invisible (right tentacle)
   (You found it on level 3 of the Dungeon)
 r - a ring of see invisible
   (You found it on level 3 of the Dungeon)
Talismans
 b - a beast talisman
 c - a flux talisman
Wands
 o - a wand of roots (13)
   (You found it on level 2 of the Dungeon)
Scrolls
 e - 2 scrolls of teleportation {unknown}
 h - a scroll of summoning {unknown}
 i - 3 scrolls of identify {unknown}
 l - a scroll of amnesia {unknown}
 m - a scroll of immolation {unknown}
 p - a scroll of fear {unknown}
Potions
 j - a potion of degeneration {unknown}
 k - a potion of brilliance {unknown}
 n - a potion of curing {unknown}

Dungeon Overview and Level Annotations

Branches:
Dungeon (4/15) Zot: 21620  Temple (0/1) D:4

Altars:
Uskayaw

Annotations:
D:4 Blork the orc

...... # .... ...... #####
#.#.. ..... #.... .#.#. #....
##.### #.#.#. ...########..# #
.>.#..##>..#.._..#..## #
#.#.#.#Ko..#≈...≈#### #
#.#.#...h#.##≈.≈.≈# #
.#.#.....>..#≈.≈.≈####### #
...!...)....#≈.≈.≈#...... #.
.######.#..#≈.....≈#..##. #.
.#...#....##≈≈...≈≈#.###. #..
..........)#≈.≈.≈.≈#.##.<
#..##..............≈.≈........
#...<.............≈...≈.#.####
###..............≈≈.≈.≈≈..#


You could see Blork the orc and a kobold.


Message History

You smack the orc priest!
The orc priest hits you but does no damage. 😕 HP[+1]
You closely miss the orc priest.
The orc priest hits you with a +0 flail. 😕 HP[-3]
You take 3 damage, and now have 43/49 hp.
Unknown command.
You completely miss the orc priest.
The orc priest mumbles some strange prayers to Beogh against you.
Beogh smites you! 😮 HP[-11]
You take 11 damage, and now have 32/49 hp.
MASSIVE DAMAGE!! (PAUSE)
You smack the orc priest!
You kill the orc priest!
Your Shapeshifting skill increases to level 4!
Unknown command.
You smack the orc!
You kill the orc! 😮 HP[+1]
You cannot move.
Unknown command.
You cannot move.
Your transformation is almost over.
You feel less wooden.
You turn into a hulking beast. 😕 HP[-7]
You now have 33 max hp (-16).
Items here: ))))) [[[[ †††.
Key pressed, stopping explore.
Key pressed, stopping explore.
Unknown command. 😎 HP[+7]
Your hp is fully restored (33).
Key pressed, stopping explore.
Found a stone staircase leading down.
Found a hide-covered altar of Uskayaw.
Found a stone staircase leading down.
A goblin comes into view. It is wielding a +0 dagger.
The goblin shouts!
You hear a shout! x2
A goblin is nearby!
A goblin is nearby!
No reachable target in view!
No reachable target in view!
No target in view!
Found a stone staircase leading down.
The goblin closely misses you.
You closely miss the goblin. You grab the goblin.
Your squeeze misses the goblin. You constrict the goblin.
The goblin barely misses you.
You bludgeon the goblin!
You kill the goblin!
No target in view!
A kobold comes into view. It is wielding a +0 dagger of venom.
Things that are here:
a +0 dagger; a goblin corpse Unknown command.
A kobold is nearby!
A kobold is nearby!
A kobold is nearby!
Found a staircase to the Ecumenical Temple.
Blork the orc comes into view.
He is wielding a +0 halberd.
A kobold comes into view. It is wielding a +2 whip of freezing.
You catch the helpless kobold completely off-guard!
You tentacle-slap the kobold.
Blork the orc shouts!
You grab the kobold. You constrict the kobold.
The kobold hits you but does no damage.
You are poisoned.
You tentacle-slap the kobold.
You kill the kobold!
You feel very sick. 😕 HP[-3]
You take 3 damage, and now have 30/33 hp.
Unknown command.
You feel sick.
Blork the orc hits you from afar with a +0 halberd. 😮 HP[-7]
You take 7 damage, and now have 23/33 hp.
MASSIVE DAMAGE!! (PAUSE)
You feel sick.
The kobold throws a stone.
The stone hits you.
Blork the orc hits you with a +0 halberd.
* * * LOW HITPOINT WARNING * * *
😨 HP[-8]
You take 8 damage, and now have 15/33 hp.
MASSIVE DAMAGE!! (PAUSE) It was a potion of mutation.
You feel extremely strange.
You feel your surroundings grow quieter.
You feel sick.
Blork the orc hits you with a +0 halberd!
* * * LOW HITPOINT WARNING * * *
😱 HP[-13]
You take 13 damage, and now have 2/33 hp.
MASSIVE DAMAGE!! (PAUSE) It was a potion of ambrosia.
You are confused.
You feel invigorated.
You feel sick.
The kobold hits you with a +2 whip of freezing.
You die...

Skill      XL: |  1  2  3  4  5 |
---------------+----------------+-----
Stealth        | 1 2 4 |  4.3
Unarmed Combat | 4 |  4.3
Shapeshifting  | 4 |  4.0
Fighting       | |  1.0
Dodging        | |  2.0

Action                     |  1- 3 |  4- 6 || total
---------------------------+-------+-------++-------
  Melee: Unarmed           |    66 |    41 ||   107
         Constrict         |    12 |    11 ||    23
         Tentacles         |     8 |     7 ||    15
         Punch             |     3 |     1 ||     4
    Use: Potion            |       |     3 ||     3
   Stab: Sleeping          |    14 |     5 ||    19
         Distracted        |     1 |     1 ||     2
 Armour: Skin              |    18 |    23 ||    41
  Dodge: Dodged            |    23 |    20 ||    43

Levels and vault maps discovered:
D:1:      lightli_arrival_windingriver, layout_loops_cross, nicolae_wormholes
D:2:      layout_basic, kennysheep_generic_room_11
D:3:      layout_loops_cross, serial_bayou_pond_e
D:4:      layout_rooms, vehumet_crystals, nicolae_uskayaw_suspiria,
          minmay_temple_entry_grid, uniq_blork_the_orc

Notes
Turn   | Place    | Note
-------+----------+-------------------------------------------
     0 | D:1      | ytrimaz the Octopode Shapeshifter began the quest for the
                  | Orb.
     0 | D:1      | Reached XP level 1. HP: 13/13 MP: 1/1
     0 | D:1      | magus.rc [v1.9.6]
    24 | D:1      | You pick up a book of Necromancy and begin reading...
    24 | D:1      | You add the spells Necrotise, Vampiric Draining and Agony
                  | to your library.
    90 | D:1      | You pick up a book of Minor Magic and begin reading...
    90 | D:1      | You add the spells Magic Dart, Call Imp and Mephitic Cloud
                  | to your library.
   224 | D:1      | Reached skill level 1 in Stealth
   294 | D:1      | Reached XP level 2. HP: 18/18 MP: 2/2
   550 | D:1      | Reached skill level 2 in Stealth
   598 | D:1      | Reached XP level 3. HP: 23/23 MP: 3/3
  1621 | D:3      | Reached XP level 4. HP: 20/28 MP: 4/4
  1671 | D:3      | Reached skill level 3 in Stealth
  1804 | D:3      | You pick up a book of Party Tricks and begin reading...
  1804 | D:3      | You add the spells Apportation, Jinxbite and Alistair's
                  | Intoxication to your library.
  2243 | D:4      | Noticed a phantom
  2260 | D:4      | Killed a phantom
  2261 | D:4      | Reached skill level 4 in Stealth
  2261 | D:4      | Reached skill level 4 in Unarmed Combat
  2261 | D:4      | Reached XP level 5. HP: 33/33 MP: 5/5
  2266 | D:4      | Reached skill level 4 in Shapeshifting
  2369 | D:4      | Found a hide-covered altar of Uskayaw.
  2379 | D:4      | Found a staircase to the Ecumenical Temple.
  2380 | D:4      | Noticed Blork the orc
  2386 | D:4      | Gained mutation: You passively dampen the noise of your
                  | surroundings. [potion of mutation]
  2386 | D:4      | HP: 2/33 [Blork the orc/+0 halberd (13)]
  2387 | D:4      | Slain by a kobold

Vanquished Creatures
  A phantom (D:4)
  An orc priest (D:4)
  3 adders (D:3)
  2 worms
  2 dart slugs
  4 orcs (D:4)
  4 endoplasms
  2 giant cockroaches
  7 goblins
  2 hobgoblins
  8 kobolds
  6 quokkas
  3 ball pythons (D:1)
  4 bats
  10 rats
59 creatures vanquished.

Table legend:
 A = Non-vault XP
 B = Vault XP
 C = Vault XP percentage of total XP
 D = Non-vault monster count
 E = Vault monster count
 F = Vault count percentage of total count
                 A         B        C        D         E       F
            +---------+---------+-------+---------+---------+-------
      Total |     268 |       6 |   2.2 |      57 |       2 |   3.4
            +---------+---------+-------+---------+---------+-------
        D:1 |      34 |       5 |  12.8 |      21 |       1 |   4.5
        D:2 |      15 |       1 |   6.2 |       8 |       1 |  11.1
        D:3 |      69 |       0 |   0.0 |      19 |       0 |   0.0
        D:4 |     150 |       0 |   0.0 |       9 |       0 |   0.0
            +---------+---------+-------+---------+---------+-------

Skill      XL: |  1  2  3  4  5 |
---------------+----------------+-----
Stealth        | 1 2 4 |  4.3
Unarmed Combat | 4 |  4.3
Shapeshifting  | 4 |  4.0
Fighting       | |  1.0
Dodging        | |  2.0

Action                     |  1- 3 |  4- 6 || total
---------------------------+-------+-------++-------
  Melee: Unarmed           |    66 |    41 ||   107
         Constrict         |    12 |    11 ||    23
         Tentacles         |     8 |     7 ||    15
         Punch             |     3 |     1 ||     4
    Use: Potion            |       |     3 ||     3
   Stab: Sleeping          |    14 |     5 ||    19
         Distracted        |     1 |     1 ||     2
 Armour: Skin              |    18 |    23 ||    41
  Dodge: Dodged            |    23 |    20 ||    43

Illustrated notes

Table legend:
 A = Kills in this place as a percentage of kills in the entire game.
 B = Kills by you in this place as a percentage of kills by you in the entire game.
 C = Kills by friends in this place as a percentage of kills by friends in the entire game.
 D = Other kills in this place as a percentage of other kills in the entire game.
 E = Experience gained in this place as a percentage of experience gained in the entire game.
 F = Experience gained in this place divided by the number of levels of this place that you have seen.
                   A       B       C       D       E      F
               +-------+-------+-------+-------+-------+----------------------
         Total | 100.0 | 100.0 |   N/A |   N/A | 100.0 |  68.5
       Dungeon | 100.0 | 100.0 |   N/A |   N/A | 100.0 |  68.5
               +-------+-------+-------+-------+-------+----------------------

Table legend: (Time is in decaauts)
 A = Elapsed time spent in this place.
 B = Non-inter-level travel time spent in this place.
 C = Inter-level travel time spent in this place.
 D = Time resting spent in this place.
 E = Time spent auto-exploring this place.
 F = Levels seen in this place.
 G = Mean time per level.
                   A        B        C        D        E       F      G
               +--------+--------+--------+--------+--------+-----+--------+
         Total |   2378 |   2285 |     93 |      0 |   1866 |   4 |  594.5 |
       Dungeon |   2378 |   2285 |     93 |      0 |   1866 |   4 |  594.5 |
               +--------+--------+--------+--------+--------+-----+--------+

Top non-repeatable levels by time:
     D:2: 769 daAuts
     D:3: 737 daAuts
     D:1: 724 daAuts
     D:4: 147 daAuts
